 Dungeon Crawl Stone Soup version 0.31-a0-618-g7ca08c1ff9 (webtiles) character file.

Game seed: 14579001111028615454

7854 Sanktem7 the Cleaver (level 11, -10/97 HPs)
             Began as a Minotaur Fighter on Aug 22, 2023.
             Was a High Priest of Okawaru.
             Shot with an arrow by a centaur warrior (20 damage)
             ... on level 9 of the Dungeon.
             The game lasted 00:16:57 (9737 turns).

Sanktem7 the Cleaver (Minotaur Fighter)             Turns: 9737, Time: 00:16:58

Health: -10/97     AC: 14    Str: 24    XL:     11   Next: 2%
Magic:  13/13      EV:  8    Int:  5    God:    Okawaru [*****.]
Gold:   778        SH: 10    Dex: 11    Spells: 10/10 levels left

rFire   . . .        K - +2 war axe (heavy) {axe}
rCold   . . .        s - +0 kite shield
rNeg    . . .        v - +0 chain mail
rPois   .            (helmet restricted)
rElec   .            f - +0 cloak
rCorr   +            (no gloves)
SInv    .            G - +0 pair of boots
Will    .....        B - amulet of the acrobat Stlth
                     w - ring of flight
HPRegen 0.36/turn    F - ring of resist corrosion
MPRegen 0.13/turn

%: acrobat
@: flying, slowed, very slow
A: horns 2, retaliatory headbutt
a: Renounce Religion, Heroism, Finesse, Duel


You were on level 9 of the Dungeon.
You worshipped Okawaru.
Okawaru was extremely pleased with you.
You visited 2 branches of the dungeon, and saw 10 of its levels.

You collected 778 gold pieces.


Innate Abilities, Weirdness & Mutations

You have a pair of horns on your head.
You reflexively headbutt those who attack you in melee.


   Skills:
 + Level 9.1 Fighting
 * Level 11.7 Axes
 + Level 5.6 Throwing
 + Level 9.0 Armour
 + Level 8.9 Shields
 - Level 5.0 Invocations


You had 10 spell levels left.
You didn't know any spells.
Your spell library contained the following spells:

 Spells                   Type           Power      Damage    Failure   Level
 Freeze                   Ice            0%         1d3       99%         1
 Poisonous Vapours        Pois/Air       0%         N/A       100%        2
 Frozen Ramparts          Ice            0%         1d1       100%        3
 Gell's Gravitas          Tloc           0%         N/A       100%        3
 Hailstorm                Conj/Ice       0%         3d3       100%        3
 Mephitic Cloud           Conj/Pois/Air  0%         N/A       100%        3
 Teleport Other           Tloc           0%         N/A       100%        3
 Freezing Cloud           Conj/Ice/Air   0%         6-21      100%        5
 Dispersal                Tloc           0%         N/A       100%        6

Inventory:

Hand Weapons
 a - a +0 war axe {axe}
 u - a +3 hammer
   (You found it on level 3 of the Dungeon)
 A - the +6 hand axe of the Warrior {drain, rC+, axe}
   (You took it off a gnoll on level 7 of the Dungeon)

   rC+:       It protects you from cold.
 K - a +2 heavy war axe (weapon) {axe}
   (Okawaru gifted it to you on level 9 of the Dungeon)
Missiles
 g - 63 stones {throwing}
 h - 38 poisoned darts {throwing}
 o - 3 curare-tipped darts {=fthrowing}
 r - 10 boomerangs {throwing}
Armour
 f - a +0 cloak (worn)
   (You found it on level 1 of the Dungeon)
 s - a +0 kite shield (worn)
   (You took it off a gnoll sergeant on level 8 of the Dungeon)
 v - a +0 chain mail (worn)
   (You found it on level 3 of the Dungeon)
 G - a +0 pair of boots (worn)
   (You found it on level 8 of the Dungeon)
 I - a +0 pair of gloves
   (You found it on level 9 of the Dungeon)
Jewellery
 w - a ring of flight (left hand)
   (You found it on level 4 of the Dungeon)
 B - an amulet of the acrobat (around neck)
   (You found it on level 5 of the Dungeon)
 F - a ring of resist corrosion (right hand)
   (You found it on level 7 of the Dungeon)
Talismans
 H - a blade talisman
   (You found it on level 8 of the Dungeon)
Wands
 c - a wand of iceblast (11)
   (You took it off a wight on level 8 of the Dungeon)
 n - a wand of polymorph (12)
   (You found it on level 6 of the Dungeon)
 t - a wand of flame (29)
   (You found it on level 8 of the Dungeon)
 y - a wand of mindburst (19)
   (You took it off Ijyb on level 4 of the Dungeon)
 D - a wand of charming (3)
   (You found it on level 8 of the Dungeon)
Scrolls
 j - 2 scrolls of enchant weapon
 k - 3 scrolls of fear
 l - 2 scrolls of amnesia
 m - 2 scrolls of teleportation {@r4}
 p - a scroll of immolation {!r!r}
 q - a scroll of fog
 z - 3 scrolls of identify {@r1}
 C - 2 scrolls of poison {!r}
Potions
 b - a potion of brilliance
 d - 2 potions of might
 e - a potion of invisibility {unknown}
 i - a potion of lignification {!q}
 x - a potion of enlightenment {unknown}
 E - 2 potions of attraction {unknown}
 J - a potion of haste {unknown}

Dungeon Overview and Level Annotations

Branches:
Dungeon (9/15) Zot: 26157  Temple (1/1) D:4 Zot: 5985    Lair (0/5) D:8
    Orc: D:9-12

Altars:
Ashenzari
Cheibriados
Dithmenos
Elyvilon
Fedhas
Gozag
Hepliaklqana
Kikubaaqudgha
Makhleb
Nemelex Xobeh
Okawaru
Qazlal
Ru
Sif Muna
Trog
Uskayaw
Vehumet
Wu Jian
Xom
Yredelemnul
Zin
The Shining One

#....⌠P..)..#.....#.....
#......♣.♣#.#.....#.#...
#.....P...#.##.[.##.#...
#.........#..##.##..#.##
#.....♣P..##.......##...
#####.###############...
#.....#cK.#|. #c# #...
#.#####.#.#.H#Y# #...
#...#..@#.###c# #...
###.#.###c##.#.# #...
#.#.)...#...#.#Y# #.#.
#.###.#.####.#W#K# #...
#.#...#...# #.#.#B#
#.#.#####.# #.#.#..
#...#.....# #.##."#
########### ## ##


You could see a centaur warrior and a kobold demonologist.


Message History

Your headbutt misses the centaur warrior.
You block the centaur warrior's attack.
The centaur warrior kicks you but does no damage.
You block the centaur warrior's attack. x2 😕 HP[+1]
You slash the centaur warrior! You headbutt the centaur warrior.
You kill the centaur warrior!
Okawaru is honoured by your kill.
Your Fighting skill increases to level 9!
You have reached level 11! 😕 HP[+7] MP[+1]
You now have 97 max hp (+7).
You regained 7 hp, and now have 88/97 hp.
Your mp is fully restored (13).
Things that are here:
a +0 orcbow; a centaur corpse Key pressed, stopping explore.
A manticore, a boulder beetle, a kobold demonologist and a wyvern come into view.
The kobold demonologist shouts!
You hear a bellow!
You hear a shout! x2
You hear a bellow! x2 😎 HP[+9]
Your hp is fully restored (97).
There are monsters nearby!
There are monsters nearby!
You slice the boulder beetle!!
You hear a bellow!
You block the boulder beetle's attack.
A centaur warrior comes into view.
The boulder beetle bites you!! 😕 HP[-18]
You take 18 damage, and now have 79/97 hp.
You hit the boulder beetle but do no damage.
You slash the wyvern!
You hear a shout!
You block the wyvern's attack.
The boulder beetle leaps!
A centaur warrior comes into view. 😕 HP[+1]
You barely miss the centaur warrior. You slice the manticore!!
You hear a bellow!
The centaur warrior wields a +0 orcbow.
The centaur warrior shoots an arrow.
The arrow hits you!
The centaur warrior hits you but does no damage.
You block the centaur warrior's attack. The manticore bites you.
The manticore claws you but does no damage.
You block the manticore's attack. The centaur warrior hits you!
The centaur warrior kicks you but does no damage.
The centaur warrior shoots an arrow.
The arrow barely misses you. The manticore bites you!
The manticore barely misses you. You block the manticore's attack.
A yak comes into view. x2 😮 HP[-30]
You take 30 damage, and now have 50/97 hp.
MASSIVE DAMAGE!! (PAUSE)
A wraith comes into view.
You block the centaur warrior's attack.
The centaur warrior kicks you but does no damage.
The yak moves out of view. 😮 HP[+1]
The centaur warrior wields a +0 orcbow.
The centaur warrior shoots an arrow.
You block the arrow.
The centaur warrior shoots an arrow.
You block the arrow. 😮 HP[+1] 😮 HP[+1] 😮 HP[+1]
The wraith attacks as it pursues you! The wraith hits you!
* * * LOW HITPOINT WARNING * * *
The wraith drains your vigour!
You feel yourself slow down. 😨 HP[-8]
You take 8 damage, and now have 46/97 hp.
You closely miss the wraith. You block the wraith's attack.
The wraith barely misses you. You furiously retaliate!
You headbutt the wraith. 😨 HP[+1]
You open the wraith like a pillowcase!!!
You destroy the wraith!
Okawaru accepts your kill.
The centaur warrior shoots an arrow.
The arrow completely misses you.
The centaur warrior shoots an arrow.
You block the arrow. The manticore bites you!!
* * * LOW HITPOINT WARNING * * *
The manticore barely misses you.
The manticore claws you but does no damage.
Your Armour skill increases to level 9! 😨 HP[-18]
You take 18 damage, and now have 29/97 hp.
You barely miss the manticore. The manticore closely misses you.
You furiously retaliate!
You headbutt the manticore! You block the manticore's attack.
The manticore barely misses you. x2
You furiously retaliate!
You headbutt the manticore! You block the manticore's attack.
The manticore claws you!
* * * LOW HITPOINT WARNING * * *
😱 HP[-7]
You take 7 damage, and now have 22/97 hp.
You slice the manticore!!
You kill the manticore!
Okawaru accepts your kill.
The centaur warrior shoots an arrow.
The arrow hits you!
* * * LOW HITPOINT WARNING * * *
The centaur warrior shoots an arrow.
The arrow hits you!!
You die...

Skill      XL: |  1  2  3  4  5  6  7  8  9 10 11 |
---------------+----------------------------------+-----
Axes           | 3 4 5 6 7 8 10 11 | 11.7
Armour         | 4 5 6 7 8 9 |  9.0
Fighting       | 4 5 6 7 9 |  9.1
Shields        | 4 5 6 7 8 |  8.9
Invocations    | 1 3 4 5 |  5.0
Throwing       | 1 2 4 5 |  5.6

Action                     |  1- 3 |  4- 6 |  7- 9 | 10-12 || total
---------------------------+-------+-------+-------+-------++-------
  Melee: War axe           |    82 |    88 |   155 |    18 ||   343
         Headbutt          |    15 |    17 |    42 |    23 ||    97
         Hand axe          |       |       |    95 |   134 ||   229
    Use: Potion            |       |     2 |       |     1 ||     3
         Scroll            |       |       |    14 |       ||    14
 Armour: Scale mail        |    48 |    13 |       |       ||    61
         Chain mail        |       |    30 |   125 |    54 ||   209
  Dodge: Dodged            |    26 |    27 |   132 |    68 ||   253
  Block: Buckler           |    21 |    19 |    62 |     9 ||   111
         Kite shield       |       |       |       |    57 ||    57

Levels and vault maps discovered:
D:1:      minmay_arrival_plants_in_alcoves, layout_loops_ring,
          minmay_pentomino_o4
D:2:      layout_loops_ring, hangedman_decor_growths
D:3:      layout_loops_cross, uniq_robin, uniq_crazy_yiuf_cottage
D:4:      layout_gridville, nicolae_sif_muna_little_library,
          minmay_temple_entry_antechambers, uniq_ijyb
D:5:      layout_basic, zin_treasury, marbit_many_paths,
          mainiacjoe_overflow_cross_hatched
D:6:      layout_loops_ring, kennysheep_mini
D:7:      layout_loops_ring, mainiacjoe_overflow_24_doors
D:8:      minmay_ornate_pinched, layout_basic, nemelex_diamond_rough_becter,
          dpeg_oklobed_lair, eino_jars, uniq_jeremiah, uniq_pikel, uniq_joseph
D:9:      layout_irregular_city, minmay_the_grid_2x2 [minmay_the_grid_dragon_b,
          minmay_the_grid_garden, minmay_the_grid_paths,
          minmay_the_grid_prize_four_corners_diamond_b]
Temple:   nicolae_temple_no_exploring_needed

Notes
Turn   | Place    | Note
-------+----------+-------------------------------------------
     0 | D:1      | Sanktem7 the Minotaur Fighter began the quest for the Orb.
     0 | D:1      | Reached XP level 1. HP: 19/19 MP: 0/0
     0 | D:1      | magus.rc [v1.9.6]
   103 | D:1      | You pick up a book of Frost and begin reading...
   103 | D:1      | You add the spells Freeze, Frozen Ramparts and Hailstorm to
                  | your library.
   196 | D:1      | Reached XP level 2. HP: 26/27 MP: 1/1
   329 | D:1      | Reached skill level 3 in Axes
   656 | D:2      | Reached skill level 4 in Armour
   657 | D:2      | Reached skill level 4 in Fighting
   657 | D:2      | Reached XP level 3. HP: 33/33 MP: 2/2
   689 | D:2      | Reached skill level 4 in Shields
  1231 | D:2      | You pick up a book of Vapours and begin reading...
  1231 | D:2      | You add the spells Poisonous Vapours, Mephitic Cloud and
                  | Freezing Cloud to your library.
  1659 | D:3      | Reached XP level 4. HP: 39/40 MP: 3/3
  1729 | D:3      | Found a runed translucent door.
  1730 | D:3      | Noticed Crazy Yiuf
  1819 | D:3      | Noticed Robin
  1835 | D:3      | Killed Robin
  1836 | D:3      | Reached skill level 4 in Axes
  2213 | D:3      | Killed Crazy Yiuf
  2214 | D:3      | Reached XP level 5. HP: 27/47 MP: 4/4
  2549 | D:4      | Noticed a phantom
  2555 | D:4      | Reached skill level 5 in Axes
  2559 | D:4      | Killed a phantom
  2560 | D:4      | Reached XP level 6. HP: 42/55 MP: 5/5
  2764 | D:4      | Reached skill level 5 in Fighting
  2764 | D:4      | Reached skill level 5 in Armour
  2764 | D:4      | Reached skill level 5 in Shields
  3049 | D:4      | Noticed Ijyb
  3057 | D:4      | HP: 10/56 [poisoned by Ijyb]
  3062 | D:4      | HP: 9/56 [disintegration (13)]
  3062 | D:4      | HP: 4/56 [disintegration (5)]
  3063 | D:4      | Killed Ijyb
  3249 | D:4      | Found a shimmering blue altar of Sif Muna.
  3251 | D:4      | You add the spells Gell's Gravitas, Teleport Other and
                  | Dispersal to your library.
  3333 | D:4      | Found a staircase to the Ecumenical Temple.
  3342 | Temple   | Entered the Ecumenical Temple
  3349 | Temple   | Became a worshipper of Warmaster Okawaru
  3395 | D:4      | Reached skill level 6 in Axes
  3395 | D:4      | Reached XP level 7. HP: 35/61 MP: 6/6
  3539 | D:5      | Entered Level 5 of the Dungeon
  3687 | D:5      | Found a basalt altar of Yredelemnul.
  3692 | D:5      | Identified the +2 great sword of Fresh Trial by Ordeal
                  | {speed, rElec rPois rF+ Dex-2}
  3805 | D:5      | Reached * piety under Okawaru
  3806 | D:5      | Reached skill level 1 in Invocations
  4001 | D:5      | Found a glowing silver altar of Zin.
  4167 | D:5      | Reached skill level 7 in Axes
  4292 | D:5      | Reached skill level 1 in Throwing
  4292 | D:5      | Reached skill level 6 in Armour
  4292 | D:5      | Reached skill level 6 in Shields
  4292 | D:5      | Reached XP level 8. HP: 70/70 MP: 8/8
  4295 | D:5      | Found a broken altar of Ashenzari.
  4371 | D:5      | Reached skill level 6 in Fighting
  4612 | D:6      | Reached skill level 2 in Invocations
  4686 | D:6      | Found an opulent altar of Gozag.
  4907 | D:6      | Reached skill level 2 in Throwing
  5401 | D:7      | Found a hazy altar of Hepliaklqana.
  5432 | D:7      | Reached ** piety under Okawaru
  5432 | D:7      | HP: 16/71 [bullfrog (2)]
  5436 | D:7      | Reached skill level 8 in Axes
  5715 | D:7      | Identified the +6 hand axe of the Warrior {drain, rC+}
  5718 | D:7      | HP: 16/71 [gnoll/+0 halberd (2)]
  5723 | D:7      | HP: 4/71 [ogre/+0 giant club (13)]
  5997 | D:7      | HP: 15/69 [gnoll/+0 halberd (9)]
  6675 | D:8      | You pick up a book of Vapours and begin reading...
  6690 | D:8      | Found a staircase to the Lair.
  6700 | D:8      | Reached skill level 3 in Invocations
  6746 | D:8      | Reached XP level 9. HP: 78/78 MP: 10/10
  6854 | D:8      | Reached skill level 3 in Throwing
  6859 | D:8      | Reached skill level 7 in Armour
  6860 | D:8      | Reached skill level 7 in Fighting
  7026 | D:8      | Noticed Jeremiah
  7093 | D:8      | Found a sparkling altar of Nemelex Xobeh.
  7116 | D:8      | Killed Jeremiah
  7117 | D:8      | Reached skill level 9 in Axes
  7117 | D:8      | Reached skill level 7 in Shields
  7237 | D:8      | Noticed Joseph
  7256 | D:7      | HP: 19/77 [Joseph/+0 quarterstaff (6)]
  7259 | D:7      | Killed Joseph
  7259 | D:7      | Reached *** piety under Okawaru
  7456 | D:8      | Noticed Pikel
  7467 | D:8      | Killed Pikel
  7468 | D:8      | Reached skill level 4 in Throwing
  7468 | D:8      | Reached skill level 4 in Invocations
  7521 | D:8      | Reached **** piety under Okawaru
  7645 | D:8      | Reached skill level 10 in Axes
  7763 | D:8      | Reached XP level 10. HP: 63/87 MP: 12/12
  7887 | D:8      | Reached skill level 8 in Fighting
  7892 | D:8      | Reached skill level 8 in Armour
  7896 | D:8      | HP: 18/88 [gnoll sergeant/+3 heavy trident (14)]
  7905 | D:8      | HP: 1/88 [gnoll sergeant/+3 heavy trident (10)]
  7946 | D:8      | HP: 14/88 [bullfrog (1)]
  7951 | D:8      | Reached skill level 8 in Shields
  8225 | D:8      | HP: 21/88 [yak (8)]
  8231 | D:8      | HP: 4/88 [gnoll/+0 halberd[a gnoll sergeant] (10)]
  8262 | D:7      | HP: 10/88 [water moccasin (5)]
  8267 | D:7      | HP: 15/88 [poisoned by a water moccasin]
  8271 | D:7      | HP: 7/88 [poisoned by a water moccasin]
  8276 | D:7      | HP: 3/88 [poisoned by a water moccasin]
  8970 | D:9      | Reached ***** piety under Okawaru
  8971 | D:9      | Reached skill level 5 in Invocations
  8979 | D:9      | Reached skill level 5 in Throwing
  9146 | D:9      | Reached skill level 11 in Axes
  9530 | D:9      | Received a gift from Okawaru
  9655 | D:9      | Noticed a centaur warrior
  9661 | D:9      | Killed a centaur warrior
  9662 | D:9      | Reached skill level 9 in Fighting
  9662 | D:9      | Reached XP level 11. HP: 88/97 MP: 13/13
  9720 | D:9      | Noticed a boulder beetle
  9721 | D:9      | Noticed a centaur warrior
  9722 | D:9      | Noticed a centaur warrior
  9736 | D:9      | Reached skill level 9 in Armour
  9736 | D:9      | HP: 22/97 [manticore (8)]
  9737 | D:9      | HP: 10/97 [centaur warrior/arrow (13)]
  9737 | D:9      | Shot with an arrow by a centaur warrior

Vanquished Creatures
  A centaur warrior (D:9)
  Pikel (D:8)
  A manticore (D:9)
  Joseph (D:7)
  Jeremiah (D:8)
  A wraith (D:9)
  2 wyverns
  13 yaks
  A steam dragon (D:8)
  2 acid dragons (D:9)
  2 water moccasins
  2 orc warriors
  A black bear (D:5)
  5 ogres
  2 centaurs (D:8)
  A phantom (D:4)
  A lemure (D:8)
  2 kobold brigands
  3 bullfrogs
  A gnoll sergeant (D:8)
  7 wights
  11 killer bees
  3 howler monkeys (D:8)
  3 hounds
  3 orc priests
  Crazy Yiuf (D:3)
  A jelly (D:5)
  3 sleepcaps
  2 gnoll boudas
  Ijyb (D:4)
  5 iguanas
  9 orc wizards
  Robin (D:3)
  17 gnolls
  4 adders
  2 shadow imps (D:6)
  2 white imps
  An ufetubus (D:3)
  5 worms
  A dart slug (D:2)
  27 orcs
  3 bats
  An endoplasm (D:4)
  2 giant cockroaches
  13 goblins
  9 hobgoblins
  6 jackals
  15 kobolds
  A quokka (D:1)
  4 ball pythons
  4 rats
211 creatures vanquished.

Table legend:
 A = Non-vault XP
 B = Vault XP
 C = Vault XP percentage of total XP
 D = Non-vault monster count
 E = Vault monster count
 F = Vault count percentage of total count
                 A         B        C        D         E       F
            +---------+---------+-------+---------+---------+-------
      Total |    7134 |    4682 |  39.6 |     173 |      37 |  17.6
            +---------+---------+-------+---------+---------+-------
        D:1 |      34 |       1 |   2.9 |      14 |       1 |   6.7
        D:2 |      31 |       0 |   0.0 |       9 |       0 |   0.0
        D:3 |      78 |      75 |  49.0 |      16 |      12 |  42.9
        D:4 |     514 |      36 |   6.5 |      22 |       1 |   4.3
        D:5 |     583 |     124 |  17.5 |      18 |       1 |   5.3
        D:6 |     690 |       0 |   0.0 |      19 |       0 |   0.0
        D:7 |     715 |     450 |  38.6 |      20 |       1 |   4.8
        D:8 |    2448 |    2105 |  46.2 |      33 |      15 |  31.2
        D:9 |    2041 |    1891 |  48.1 |      22 |       6 |  21.4
            +---------+---------+-------+---------+---------+-------

Skill      XL: |  1  2  3  4  5  6  7  8  9 10 11 |
---------------+----------------------------------+-----
Axes           | 3 4 5 6 7 8 10 11 | 11.7
Armour         | 4 5 6 7 8 9 |  9.0
Fighting       | 4 5 6 7 9 |  9.1
Shields        | 4 5 6 7 8 |  8.9
Invocations    | 1 3 4 5 |  5.0
Throwing       | 1 2 4 5 |  5.6

Action                     |  1- 3 |  4- 6 |  7- 9 | 10-12 || total
---------------------------+-------+-------+-------+-------++-------
  Melee: War axe           |    82 |    88 |   155 |    18 ||   343
         Headbutt          |    15 |    17 |    42 |    23 ||    97
         Hand axe          |       |       |    95 |   134 ||   229
    Use: Potion            |       |     2 |       |     1 ||     3
         Scroll            |       |       |    14 |       ||    14
 Armour: Scale mail        |    48 |    13 |       |       ||    61
         Chain mail        |       |    30 |   125 |    54 ||   209
  Dodge: Dodged            |    26 |    27 |   132 |    68 ||   253
  Block: Buckler           |    21 |    19 |    62 |     9 ||   111
         Kite shield       |       |       |       |    57 ||    57

Illustrated notes

Table legend:
 A = Kills in this place as a percentage of kills in the entire game.
 B = Kills by you in this place as a percentage of kills by you in the entire game.
 C = Kills by friends in this place as a percentage of kills by friends in the entire game.
 D = Other kills in this place as a percentage of other kills in the entire game.
 E = Experience gained in this place as a percentage of experience gained in the entire game.
 F = Experience gained in this place divided by the number of levels of this place that you have seen.
                   A       B       C       D       E      F
               +-------+-------+-------+-------+-------+----------------------
         Total | 100.0 | 100.0 |   N/A |   N/A | 100.0 | 1181.6
       Dungeon | 100.0 | 100.0 |   N/A |   N/A | 100.0 | 1312.9
               +-------+-------+-------+-------+-------+----------------------

Table legend: (Time is in decaauts)
 A = Elapsed time spent in this place.
 B = Non-inter-level travel time spent in this place.
 C = Inter-level travel time spent in this place.
 D = Time resting spent in this place.
 E = Time spent auto-exploring this place.
 F = Levels seen in this place.
 G = Mean time per level.
                   A        B        C        D        E       F      G
               +--------+--------+--------+--------+--------+-----+--------+
         Total |   9794 |   9558 |    236 |   1352 |   6730 |  10 |  979.4 |
       Dungeon |   9779 |   9543 |    236 |   1352 |   6730 |   9 | 1086.6 |
        Temple |     14 |     14 |      0 |      0 |      0 |   1 |   14.0 |
               +--------+--------+--------+--------+--------+-----+--------+

Top non-repeatable levels by time:
     D:7: 1832 daAuts
     D:8: 1513 daAuts
     D:4: 1177 daAuts
     D:6: 1127 daAuts
     D:3: 1079 daAuts
     D:5: 888 daAuts
     D:9: 840 daAuts
     D:1: 665 daAuts
     D:2: 656 daAuts
  Temple: 14 daAuts
